 Dungeon Crawl Stone Soup version 0.20.0-10-g0535bb4 (webtiles) character file.

61 RKaid the Sneak (level 3, -1/16 HPs)
             Began as a Spriggan Enchanter on June 3, 2017.
             Slain by a gnoll
             ... wielding a +0 club
              (9 damage)
             ... on level 2 of the Dungeon.
             The game lasted 00:09:59 (2425 turns).

RKaid the Sneak (Spriggan Enchanter)                Turns: 2425, Time: 00:10:00

Health: -1/16      AC:  2    Str:  4    XL:     3   Next: 83%
Magic:  0/8        EV: 19    Int: 17    God:
Gold:   68         SH:  0    Dex: 16    Spells: 4/7 levels left

rFire    . . .     SeeInvis +   a - +1 dagger
rCold    . . .     Gourm    .   (shield restricted)
rNeg     . . .     Faith    .   n - +0 robe
rPois    +         Spirit   .   (helmet restricted)
rElec    .         Reflect  .   (no cloak)
rCorr    .         Harm     .   (gloves unavailable)
MR       .....                  (boots unavailable)
Stlth    +++.......             (no amulet)
Regen    0.1/turn               g - ring of poison resistance {rPois}
MPRegen  0.2/turn               (no ring)

@: very slightly contaminated, very quick
A: unfitting armour, see invisible, herbivore 3, speed 3, slow metabolism 2
a: no special abilities


You were on level 2 of the Dungeon.
You were not hungry.

You visited 1 branch of the dungeon, and saw 2 of its levels.

You collected 68 gold pieces.

Inventory:

Hand Weapons
 a - a +1 dagger (weapon)
 i - a +0 hunting sling
   (You found it on level 2 of the Dungeon)
Armour
 n - a +0 robe (worn)
   (You found it on level 2 of the Dungeon)
Jewellery
 g - a ring of poison resistance (left hand) {rPois}
   (You found it on level 1 of the Dungeon)
Scrolls
 f - a scroll of identify {unknown}
 k - a scroll of enchant armour {unknown}
 l - a scroll of enchant weapon {unknown}
 o - a scroll of recharging {unknown}
Potions
 b - 2 potions of agility {unknown}
 e - a potion of curing {unknown}
 h - a potion of flight {unknown}
 j - a potion of haste {unknown}
 m - a potion of might {unknown}
Books
 c - a book of Maledictions
Comestibles
 d - 2 bread rations
 p - a royal jelly


   Skills:
 - Level 1.1 Short Blades
 + Level 3.5 Dodging
 + Level 5.2 Stealth
 - Level 2.6 Spellcasting
 * Level 5.1 Hexes


You had 4 spell levels left.
You knew the following spells:

 Your Spells              Type           Power        Failure   Level  Hunger
a - Ensorcelled Hibernat  Hex/Ice        ##....       10%         2    ##.....
b - Corona                Hex            ###....      2%          1    #......


Dungeon Overview and Level Annotations

Branches:
Dungeon (2/15)

Altars:


Innate Abilities, Weirdness & Mutations

You are very small and have problems with some larger weapons.
You are too small for most types of armour.
You have supernaturally acute eyesight. (SInv)
You are a herbivore.
You cover ground extremely quickly.
You need consume almost no food.


Message History

You are very lightly contaminated with residual magic.
Wisps of condensation drift from your hands.
The jackal misses you.
A bat comes into view.
The bat moves out of view.
Casting: Ensorcelled Hibernation
Confirm with . or Enter, or press ? or * to list all spells.
Aiming: Ensorcelled Hibernation
Press: ? - help, Shift-Dir - straight line, f/p - jackal
Aim: a jackal (chance to defeat MR: 60%)
You miscast Ensorcelled Hibernation.
Wisps of condensation drift from your hands.
The jackal misses you. The jackal completely misses you.
Casting: Ensorcelled Hibernation
Confirm with . or Enter, or press ? or * to list all spells.
Aiming: Ensorcelled Hibernation
Press: ? - help, Shift-Dir - straight line, f/p - jackal
Aim: a jackal (chance to defeat MR: 60%)
The jackal resists with significant effort.
The jackal barely misses you.
Casting: Ensorcelled Hibernation
Confirm with . or Enter, or press ? or * to list all spells.
Aiming: Ensorcelled Hibernation
Press: ? - help, Shift-Dir - straight line, f/p - jackal
Aim: a jackal (chance to defeat MR: 60%)
The jackal looks drowsy...
The helpless jackal fails to defend itself.
You impale the jackal!!
You kill the jackal!
You see here a jackal corpse.
You start resting.
Your magical contamination has completely faded away.
You start resting.
The goblin shouts!
You hit the goblin. The goblin closely misses you.
You miss the goblin. The goblin hits you but does no damage.
You hit the goblin. The goblin closely misses you.
You hit the goblin.
You kill the goblin!
You start resting.
A gnoll comes into view. It is wielding a club.
The gnoll moves out of view.
A gnoll comes into view.
The gnoll shouts!
A gnoll comes into view. It is wielding a club.
The gnoll shouts!
The gnoll throws a stone.
The stone closely misses you.
The gnoll moves out of view.
You see here a stone.
A rat comes into view.
The bat misses you.
You hit the bat. The bat misses you.
You hit the bat. The bat completely misses you. The bat closely misses you.
You hit the bat but do no damage. The bat misses you.
The bat completely misses you.
You completely miss the bat. The bat barely misses you.
You barely miss the bat. The bat completely misses you.
The bat closely misses you. The bat misses you. The bat closely misses you.
The bat misses you.
You hit the bat.
You kill the bat!
The gnoll throws a stone.
The stone hits you.
You see here a stone.
Unknown command.
You start resting.
Casting: Ensorcelled Hibernation
Confirm with . or Enter, or press ? or * to list all spells.
Aiming: Ensorcelled Hibernation
Press: ? - help, Shift-Dir - straight line, f - gnoll
Aim: a gnoll, wielding a club (chance to defeat MR: 50%)
You miscast Ensorcelled Hibernation.
You are very lightly contaminated with residual magic.
You feel a strange surge of energy!
The gnoll throws a stone.
The stone misses you.
Casting: Ensorcelled Hibernation
Confirm with . or Enter, or press ? or * to list all spells.
Aiming: Ensorcelled Hibernation
Press: ? - help, Shift-Dir - straight line, f/p - gnoll
Aim: a gnoll, wielding a club (chance to defeat MR: 50%)
The gnoll resists with some effort.
The gnoll throws a stone.
The stone hits you.
Casting: Ensorcelled Hibernation
Confirm with . or Enter, or press ? or * to list all spells.
Aiming: Ensorcelled Hibernation
Press: ? - help, Shift-Dir - straight line, f/p - gnoll
Aim: a gnoll, wielding a club (chance to defeat MR: 50%)
The gnoll resists with some effort.
Casting: Ensorcelled Hibernation
Confirm with . or Enter, or press ? or * to list all spells.
Aiming: Ensorcelled Hibernation
Press: ? - help, Shift-Dir - straight line, f/p - gnoll
Aim: a gnoll, wielding a club (chance to defeat MR: 50%)
The gnoll resists with some effort.
The gnoll hits you with a club.
You barely miss the gnoll. You barely miss the gnoll.
The gnoll barely misses you.
You hit the gnoll. The gnoll hits you with a club!
Ouch! That really hurt!
You die...

##.........#.....#####.....#.....
#.......##......## ##..#######.
#.##.#..####.##.# ##.# ##
#.#..#..# #.##.# #.## # #.#(##..#
#.##.# #..# ## #.......# #.##.#
##.# ##. ##.#..#.# #..#.#
##.#####†. #.#..#.#
##.#.########.....†).. #.#..#.#
#.#(@g.......#.####..
#.#..#.#####.####...#...........
#............)(..(..............
#.#........#.##...÷..##.########
#.................##.##.#
#.............g#####.##.#
#............#.#####.##.#..
#.............g.........####
#........).....###g...(......


You could see a gnoll.

Vanquished Creatures
  An adder (D:2)
  A dart slug (D:1)
  2 leopard geckos (D:1)
  7 bats
  A giant cockroach (D:1)
  4 goblins
  4 hobgoblins
  8 jackals
  9 kobolds
  2 quokkas (D:2)
  A frilled lizard (D:1)
  3 rats (D:1)
43 creatures vanquished.

Notes
Turn   | Place    | Note
-------+----------+-------------------------------------------
     0 | D:1      | RKaid the Spriggan Enchanter began the quest for the Orb.
     0 | D:1      | Reached XP level 1. HP: 9/9 MP: 5/5
    71 | D:1      | Reached skill level 4 in Hexes
   316 | D:1      | Reached XP level 2. HP: 13/13 MP: 4/6
   330 | D:1      | Learned a level 2 spell: Ensorcelled Hibernation
  1152 | D:1      | Reached XP level 3. HP: 16/16 MP: 8/8
  1680 | D:2      | Reached skill level 5 in Hexes
  1743 | D:2      | Reached skill level 5 in Stealth
  2425 | D:2      | Slain by a gnoll

Skill      XL: |  1  2  3 |
---------------+----------+-----
Hexes          | 4 5 |  5.1
Stealth        | 5 |  5.2
Short Blades   | |  1.1
Dodging        | |  3.5
Spellcasting   | |  2.6

Action                   || total
-------------------------++-------
Melee: Dagger            ||   164
 Cast: Corona            ||    17
       Ensorcelled Hiber ||     7
 Stab: Sleeping          ||    16
Armor: Robe              ||    17
Dodge: Dodged            ||   159

Table legend:
 A = Turns spent in this place as a percentage of turns spent in the entire game.
 B = Non-inter-level travel turns spent in this place as a percentage of non-inter-level travel turns spent in the entire game.
 C = Inter-level travel turns spent in this place as a percentage of turns spent in this place.
 D = Turns resting spent in this place as a percentage of non-inter-level travel turns spent in this place.
 E = Turns spent auto-exploring this place as a percentage of non-inter-level travel turns spent in this place.
 F = Non-inter-level travel turns spent in this place divided by the number of levels of this place that you've seen.
                   A       B       C       D       E      F
               +-------+-------+-------+-------+-------+----------------------
         Total | 100.0 | 100.0 |   0.3 |   4.9 |   4.5 | 357.0
       Dungeon | 100.0 | 100.0 |   0.3 |   4.9 |   4.5 | 357.0
               +-------+-------+-------+-------+-------+----------------------

Table legend:
 A = Kills in this place as a percentage of kills in entire the game.
 B = Kills by you in this place as a percentage of kills by you in the entire game.
 C = Kills by friends in this place as a percentage of kills by friends in the entire game.
 D = Other kills in this place as a percentage of other kills in the entire game.
 E = Experience gained in this place as a percentage of experience gained in the entire game.
 F = Experience gained in this place divided by the number of levels of this place that you have seen.
                   A       B       C       D       E      F
               +-------+-------+-------+-------+-------+----------------------
         Total | 100.0 | 100.0 |  -nan |  -nan | 100.0 |  44.0
       Dungeon | 100.0 | 100.0 |  -nan |  -nan | 100.0 |  44.0
               +-------+-------+-------+-------+-------+----------------------
